[Event "SixDays Budapest GM-B January 2024"]
[Site "Budapest"]
[Date "2024.01.30"]
[Round "6.4"]
[White "Celik, Hasan Huseyin"]
[Black "Pap, Misa"]
[Result "1-0"]
[ECO "E11"]
[WhiteElo "2436"]
[BlackElo "2422"]
[Annotator "RC"]
[PlyCount "91"]
[EventDate "2024.01.26"]
[EventType "tourn"]
[EventCountry "HUN"]
[SourceTitle "playchess.com"]
[Source "ChessBase"]
[SourceQuality "1"]
[TimeControl "5400+30"]

1. d4 Nf6 2. c4 e6 3. Nf3 Bb4+ 4. Nbd2 b6 5. a3 Bxd2+ 6. Qxd2 Bb7 7. e3 d6 8. b4 Nbd7 9. Bb2 O-O 10. Be2 Ne4 11. Qc2 f5 12. O-O Qe7 13. Rad1 a5 14. d5 e5 15. Ne1 axb4 16. axb4 c6 17. f3 Nef6 18. dxc6 Bxc6 19. Qxf5 Ne4 20. Qh3 Ra2 21. Nd3 Ng5 22. Qg4 h6 23. e4 b5 24. Rd2 Nf6 25. Qg3 Qa7+ 26. Qf2 Qf7 27. c5 Qg6 28. Qe3 Rxb2 29. Rxb2 Nh5 30. cxd6 Nh3+ 31. Kh1 N3f4 32. Nxf4 Rxf4 33. g4 Nf6 34. Qc5 Qe8 35. Rc2 Bd7 36. Rg1 Nh7 37. Qd5+ Kh8 38. Ra1 Rf8 39. Rc5 Ng5 40. Qxe5 Qf7 41. Qe7 Qf4 42. Rxg5 hxg5 43. Qxd7 Qd2 44. Qxb5 Qc3 45. Rd1 Rxf3 46. d7 1-0

[Event "SixDays Budapest GM-B January 2024"]
[Site "Budapest"]
[Date "2024.01.30"]
[Round "6.5"]
[White "Pang, Tao"]
[Black "Dau Khuong Duy"]
[Result "1-0"]
[ECO "E97"]
[WhiteElo "2430"]
[BlackElo "2309"]
[Annotator "TA"]
[PlyCount "93"]
[EventDate "2024.01.26"]
[EventType "tourn"]
[EventCountry "HUN"]
[SourceTitle "playchess.com"]
[Source "ChessBase"]
[SourceQuality "1"]
[TimeControl "5400+30"]

1. d4 Nf6 2. c4 g6 3. Nc3 Bg7 4. e4 d6 5. Nf3 O-O 6. Be2 e5 7. O-O Nc6 8. d5 Ne7 9. b4 Ne8 10. c5 h6 11. a4 f5 12. Nd2 Nf6 13. f3 {[%emt 0:05:35] White is better.} f4 14. Ba3 Ne8 15. Nc4 g5 16. a5 {[%emt 0:05:11] White is more active.} Ng6 17. b5 b6 $2 (17... dxc5 $16 18. Bxc5 Rf6) 18. axb6 axb6 19. cxb6 cxb6 20. Bb4 Rb8 21. Ra7 h5 22. Na4 g4 23. fxg4 Nh4 24. h3 (24. gxh5 Qg5 25. Rf2 (25. Bxd6 $2 Qxg2#) 25... Nf6 $16) 24... hxg4 25. Bxg4 Rf6 {[%emt 0:06:56] [#] Black is weak on the light squares} 26. Nxe5 dxe5 27. Be7 Bxg4 28. Qxg4 Qc8 29. Qxh4 Rg6 (29... Rf7 $142 30. Qh5 Qc4) 30. Qh5 $18 Rh6 31. Qe2 Rb7 32. Rxb7 Qxb7 33. Bb4 Qc8 34. Nc3 Rg6 35. Rf3 Bf8 36. Bxf8 Kxf8 37. Nd1 Qc5+ 38. Kh2 Nd6 39. Rc3 Qxb5 (39... Qd4 40. Qh5 (40. Rc6 Kf7 $18) 40... Kg7 41. Rc7+ Nf7) 40. Qh5 {[%emt 0:00:23][%csl LRe5,LRg6] [#] Threatening mate with Qh8+.} Qe8 41. Qh8+ Ke7 42. Qh7+ Kf6 43. Nf2 {[%emt 0:03:45] Rc7 would kill now.} Qg8 44. Qh4+ {[%emt 0:00:10] White mates.} Kg7 45. Rc7+ Nf7 46. Ng4 Qe8 47. Re7 {[%emt 0:00:46] White took control after the opening.   Weighted Error Value: White=0.10 (very precise) /Black=0.45.  Loses game:     	---       	Black=1      Mistake:       	---       	Black=2      Inaccurate:     	---       	Black=3      OK:         	White=15    	Black=10     Best:        	White=2     	Black=1} (47. Qh5 $142 f3 48. Nxe5 (48. gxf3 Qb5 $18) 48... Rf6 49. gxf3 (49. Nxf3 Kg8 $18) 49... b5 50. Qg4+ Kh8 51. Rc8 (51. Qh4+ Kg7 $18) 51... Qxc8 52. Qxc8+ (52. Nxf7+ Kh7 $18) 52... Kg7 53. Qg4+ Kh6 54. Nxf7+ Rxf7 55. d6) 1-0

[Event "SixDays Budapest GM-B January 2024"]
[Site "Budapest"]
[Date "2024.01.31"]
[Round "7.1"]
[White "Dau Khuong Duy"]
[Black "Grover, Sahaj"]
[Result "0-1"]
[ECO "C78"]
[WhiteElo "2309"]
[BlackElo "2503"]
[Annotator "TA"]
[PlyCount "116"]
[EventDate "2024.01.26"]
[EventType "tourn"]
[EventCountry "HUN"]
[SourceTitle "playchess.com"]
[Source "ChessBase"]
[SourceQuality "1"]
[TimeControl "5400+30"]

1. e4 e5 2. Nf3 Nc6 3. Bb5 a6 4. Ba4 Nf6 5. O-O Bc5 6. d3 b5 7. Bb3 d6 8. a4 Bg4 9. c3 O-O 10. h3 Bxf3 11. Qxf3 Na5 {[%emt 0:01:59] C78: Ruy Lopez: Archangelsk and Möller Defences.} 12. Nd2 b4 13. Ba2 Rb8 14. Nc4 $146 ({Predecessor:} 14. Qd1 h6 15. Kh1 Ba7 16. Nc4 Nxc4 17. Bxc4 c6 18. f4 d5 19. fxe5 Nxe4 20. dxe4 dxc4 {½-½ Churkin,M (2529)-Machycek,L (2406) EU-ch C69/final email 2015}) 14... bxc3 15. bxc3 Nb3 16. Rb1 Nxc1 17. Rfxc1 c6 18. Rd1 Rxb1 19. Bxb1 Qb8 20. Bc2 (20. d4 exd4 21. cxd4 Bxd4) 20... d5 21. exd5 cxd5 22. Nxe5 Bxf2+ (22... Qxe5 $5 23. d4 $8 Bxd4 24. cxd4 Qc7 $11) 23. Qxf2 Qxe5 24. Qd4 Qe2 25. Qf2 $1 Re8 26. Rb1 Qe5 27. Qd4 Qg5 28. Qf2 h5 29. Kh1 h4 30. Bd1 Re3 (30... Qe3 {simplifies} 31. Qxe3 Rxe3 32. Kg1 g5) 31. Rb8+ (31. Bc2 $15) 31... Kh7 $17 32. Rb4 $2 {[%emt 0:00:52][%mdl 8192] [#]} (32. Bf3 $17 {is tougher.}) 32... Qe5 $1 $19 (32... Rxd3 $2 33. Bc2 d4 (33... Qc1+ $2 34. Kh2 $18) 34. Bxd3+ $18) 33. Qxh4+ Kg8 34. Qf4 Re1+ (34... Qxc3 35. Kh2 $11) 35. Kh2 Qxf4+ 36. Rxf4 Rxd1 37. Rd4 a5 38. g4 g5 39. h4 gxh4 40. g5 (40. Kh3 $142) 40... Nh5 41. Rxh4 Rd2+ 42. Kg1 Ng3 43. g6 (43. Rh6 $142) 43... f5 $19 44. c4 d4 45. c5 Kg7 (45... Rxd3 $142 46. Kg2 Ne4) 46. c6 Rc2 47. c7 f4 (47... Rxc7 $2 48. Rh7+ (48. Rxd4 Ne2+ 49. Kf2 Nxd4 50. Ke3 Rd7 51. Kf2 Re7 52. Kg2 Kxg6 53. Kh3 Kg5 54. Kg2 Kf4 55. Kf2 Rg7 56. Ke1 Ke3 57. Kf1 f4 58. Ke1 Rg1#) 48... Kxg6 49. Rxc7 $18) 48. Rh2 Rc3 (48... Rxc7 $2 49. Rh7+ Kxg6 50. Rxc7 $18) 49. Kf2 Kxg6 (49... Rxc7 $2 {too greedy.} 50. Rh7+ Kxg6 51. Rxc7 $18) 50. Kf3 Kf5 (50... Rxd3+ 51. Kxf4 Rc3 52. Rg2 Rxc7 53. Rxg3+ Kf6 54. Rg5 $11) 51. Rh8 Rxc7 ({Not} 51... Rxd3+ 52. Kg2 Rc3 (52... Rd2+ 53. Kh3 $11) 53. c8=Q+ Rxc8 54. Rxc8 $11) 52. Rf8+ Ke5 53. Re8+ Kd6 54. Rd8+ Kc5 55. Rb8 Re7 56. Rb5+ Kc6 57. Rxa5 Ne2 58. Ra6+ Kc5 0-1

[Event "SixDays Budapest GM-B January 2024"]
[Site "Budapest"]
[Date "2024.01.31"]
[Round "7.2"]
[White "Pap, Misa"]
[Black "Pang, Tao"]
[Result "0-1"]
[ECO "C02"]
[WhiteElo "2422"]
[BlackElo "2430"]
[Annotator "TA"]
[PlyCount "76"]
[EventDate "2024.01.26"]
[EventType "tourn"]
[EventCountry "HUN"]
[SourceTitle "playchess.com"]
[Source "ChessBase"]
[SourceQuality "1"]
[TimeControl "5400+30"]

1. e4 e6 2. d4 d5 3. e5 c5 4. c3 Nc6 5. Nf3 Bd7 6. a3 Nge7 7. Bd3 cxd4 8. cxd4 Qb6 9. Bc2 Nf5 10. Bxf5 exf5 11. Nc3 Be6 12. O-O h6 13. Na4 Qa6 14. Ne1 Rc8 {[%emt 0:04:05][%cal Oc6d4] The position is equal.} 15. Be3 f4 16. Bxf4 Nxd4 $1 17. Qxd4 Rc4 18. Qd2 {[%emt 0:00:26] [#] And now b3 would win.} Qxa4 {[%emt 0:03:14] White is weak on the light squares} 19. Bg3 Be7 20. Rc1 ({White should try} 20. f4 $15) 20... O-O $17 {[%emt 0:01:55] Black is more active.} 21. Nd3 Rfc8 22. Rxc4 dxc4 23. Nf4 Rd8 24. Qe2 Bf5 {[%emt 0:14:01] aiming for ...g5.} 25. e6 {[%emt 0:03:26] [#]} Qc2 $1 26. exf7+ (26. Qxc2 $17 Bxc2 27. Re1) 26... Kxf7 $19 {[%emt 0:00:15] White must now prevent ...Qxe2.} 27. Qf3 Qe4 {[%emt 0:02:13] Prevents Nd5. Threatens to win with ...Qxf3.} ({And not} 27... Qxb2 28. Nd5 Qc2 29. Ne3 $16 (29. Nxe7 Kxe7 30. Qxb7+ Rd7 $11)) 28. Qh5+ (28. Qc3 {was worth a try.}) 28... Kg8 29. Rd1 Rxd1+ 30. Qxd1 {[%emt 0:00:08] This move loses the game for White.} Bf6 {[%emt 0:00:37] A strong pair of Bishops.} 31. h4 Qb1 32. Qxb1 Bxb1 {[%emt 0:00:08][%mdl 4096] Endgame. KBB-KBN} 33. Nd5 Bxb2 34. Bd6 Bd4 {[%emt 0:01:57] Strongly threatening ...c3.} 35. Bb4 Be4 36. Nc3 Bc6 37. Ne2 Bb2 38. Kf1 b6 {[%emt 0:02:16] Weighted Error Value: White=0.30/Black=0.25 (precise) .  Loses game:     	White=1     	---        Mistake:       	White=3     	---        Inaccurate:     	White=4     	Black=2      OK:         	White=5     	Black=8      Best:        	White=1     	Black=3      Strong:       	---       	Black=2} 0-1

[Event "SixDays Budapest GM-B January 2024"]
[Site "Budapest"]
[Date "2024.01.31"]
[Round "7.3"]
[White "Kaczur, Florian"]
[Black "Celik, Hasan Huseyin"]
[Result "1/2-1/2"]
[ECO "C15"]
[WhiteElo "2506"]
[BlackElo "2436"]
[Annotator "TA"]
[PlyCount "59"]
[EventDate "2024.01.26"]
[EventType "tourn"]
[EventCountry "HUN"]
[SourceTitle "playchess.com"]
[Source "ChessBase"]
[SourceQuality "1"]
[TimeControl "5400+30"]

1. e4 e6 2. d4 d5 3. Nc3 Bb4 4. Nge2 dxe4 5. a3 Be7 6. Nxe4 Nd7 7. g3 Ngf6 8. Nxf6+ Nxf6 9. Bg2 {[%emt 0:00:04] Inhibits Qd5.} c5 (9... Rb8 $11) 10. O-O $14 cxd4 11. Qxd4 O-O 12. c4 Qxd4 13. Nxd4 Rd8 14. Nf3 Ne4 15. Be3 Nd6 16. Bc5 Bf6 17. Rad1 Nxc4 18. Rxd8+ Bxd8 19. Rd1 Bf6 ({Stronger than} 19... Nxb2 20. Rxd8#) 20. b3 Nb6 21. Ne5 Nd5 22. Ng4 b6 23. Nxf6+ gxf6 24. Be7 Kg7 25. Rd4 (25. Bxd5 exd5 26. Rxd5 Be6) 25... f5 {[%emt 0:01:49] Wards off Rg4+} 26. g4 (26. Rxd5 $5 exd5 27. Bxd5 $11) 26... Kg6 {[%emt 0:01:46] The position is equal.} 27. Bxd5 exd5 28. Rxd5 Be6 29. gxf5+ Bxf5 30. Rd8 {[%emt 0:00:26] Weighted Error Value: White=0.08 (flawless) /Black=0.08 (flawless) .  Mistake:       	---       	Black=1      Inaccurate:     	White=2     	Black=1      OK:         	White=13    	Black=9} 1/2-1/2

[Event "SixDays Budapest GM-B January 2024"]
[Site "Budapest"]
[Date "2024.01.31"]
[Round "7.4"]
[White "Gombocz, Ferenc Jr."]
[Black "Varga, Zoltan"]
[Result "1-0"]
[ECO "A47"]
[WhiteElo "2366"]
[BlackElo "2366"]
[Annotator "TA"]
[PlyCount "65"]
[EventDate "2024.01.26"]
[EventType "tourn"]
[EventCountry "HUN"]
[SourceTitle "playchess.com"]
[Source "ChessBase"]
[SourceQuality "1"]
[TimeControl "5400+30"]

1. d4 Nf6 2. Nf3 b6 3. Bf4 Bb7 4. Nbd2 Nh5 5. Bg3 Nxg3 6. hxg3 g6 7. e4 Bg7 8. c3 {[%emt 0:00:49] The position is equal.} e6 9. Bd3 Qe7 10. Qe2 a6 11. O-O-O d6 12. e5 Nd7 13. exd6 cxd6 14. Be4 Bxe4 15. Qxe4 d5 16. Qe3 b5 17. Ne5 (17. g4 $11) 17... Nxe5 $17 18. dxe5 b4 19. c4 Rc8 20. b3 f6 21. f4 fxe5 22. fxe5 O-O 23. g4 {[%emt 0:00:19] Dodges Rf5} (23. Kb1 $142) 23... Qc5 24. Qh3 (24. Qxc5 $17 Rxc5 25. Kb1 Bxe5 26. Nf3 dxc4 27. Nxe5 Rxe5 28. bxc4) 24... h6 $19 (24... Bxe5 25. Qxh7#) 25. g5 (25. Rhe1 {might work better.} Qd4 26. Kb1) 25... Rf5 $2 (25... Bxe5 $2 {is the wrong capture.} 26. Qxe6+ (26. gxh6 $2 Qd4 $19) 26... Rf7 27. Rdf1 $18 (27. Qxe5 Re7 $18) (27. gxh6 dxc4 28. Qxg6+ Kh8 $16) (27. Rxh6 Bg7 $16) (27. Qxg6+ Kf8 $18)) (25... dxc4 $19 26. Qxe6+ Kh7 27. Nxc4 Qe3+ 28. Kb1 Qe4+ 29. Kc1 Rxc4+ 30. bxc4 (30. Qxc4 $2 Qxe5 $19) 30... Qe3+ (30... Bxe5 31. Rxh6+ Kg7 32. Rd7+) 31. Kb1 b3 32. Rxh6+ (32. Qxa6 Qxe5 33. Rxh6+ Kg8) 32... Bxh6 33. Qd7+ (33. gxh6 bxa2+ 34. Ka1 Qc3+ 35. Kxa2 Rf2+) 33... Kh8 (33... Bg7 $2 34. Qh3+ Qxh3 35. gxh3 $19)) 26. gxh6 $15 Bxe5 {[%emt 0:02:54] [#] ...Qd4 is the strong threat.} 27. Qd3 {[%emt 0:00:15] White is weak on the dark squares} Kh7 28. Kb1 (28. Rhe1 $11 {remains equal.}) 28... Bh8 {[%emt 0:03:00] White must now prevent ...Qf8.} 29. g4 Rf7 30. Rdf1 {[%emt 0:15:42] Dancing on a razor blade.} Rcf8 {[%emt 0:00:39] Hoping for ...dxc4.} 31. Nf3 $2 (31. Rxf7+ $11 {and White has nothing to worry.} Rxf7 32. Nf3) 31... dxc4 $19 32. bxc4 {[%emt 0:01:19] Rh5 would now be deadly.} Rf4 $4 {[%emt 0:01:18][%mdl 8192] [#]} (32... Bc3 $19 33. Rh3 (33. Rh5 $2 Rxf3 34. Rxf3 Qg1+ 35. Kc2 Qg2+ 36. Kd1 Qxf3+ $19) 33... Kh8) 33. Rh5 $1 {Weighted Error Value: White=0.34/Black=0.19 (very precise) .  Loses game:     	White=1     	---        Missed win:     	---       	Black=2      Mistake:       	White=5     	---        Inaccurate:     	White=1     	Black=3      OK:         	White=5     	Black=9      Best:        	White=1     	Black=4      Strong:       	White=1     	---} 1-0

[Event "SixDays Budapest GM-B January 2024"]
[Site "Budapest"]
[Date "2024.01.31"]
[Round "7.5"]
[White "Coenen, Michael"]
[Black "Lee, Alice"]
[Result "1/2-1/2"]
[ECO "C43"]
[WhiteElo "2330"]
[BlackElo "2379"]
[Annotator "TA"]
[PlyCount "22"]
[EventDate "2024.01.26"]
[EventType "tourn"]
[EventCountry "HUN"]
[SourceTitle "playchess.com"]
[Source "ChessBase"]
[SourceQuality "1"]
[TimeControl "5400+30"]

1. e4 e5 2. Nf3 Nf6 3. d4 Nxe4 4. Bd3 d5 5. Nxe5 Nd7 6. Nxf7 Kxf7 7. Qh5+ Ke7 8. Qe2 Kf7 9. Qh5+ Ke7 {[%emt 0:00:06] [#] Hoping for ...Ndf6. The position is equal.} 10. Qe2 $1 Kf7 {[%emt 0:00:06] aiming for ...Ndf6.} 11. Qh5+ Ke7 {Not much happened in this game.   OK:         	---       	Black=2      Best:        	White=1     	---} 1/2-1/2

[Event "SixDays Budapest GM-B January 2024"]
[Site "Budapest"]
[Date "2024.01.31"]
[Round "8.1"]
[White "Grover, Sahaj"]
[Black "Lee, Alice"]
[Result "1-0"]
[ECO "C43"]
[WhiteElo "2503"]
[BlackElo "2379"]
[Annotator "RC"]
[PlyCount "77"]
[EventDate "2024.01.26"]
[EventType "tourn"]
[EventCountry "HUN"]
[SourceTitle "playchess.com"]
[Source "ChessBase"]
[SourceQuality "1"]
[TimeControl "5400+30"]

1. e4 e5 2. Nf3 Nf6 3. d4 Nxe4 4. Bd3 d5 5. Nxe5 Nd7 6. Nc3 Nxc3 7. bxc3 Nxe5 8. dxe5 Bc5 9. O-O O-O 10. Rb1 b6 11. Qf3 Be6 12. Qg3 Re8 13. Bg5 Be7 14. Bh6 Bf8 15. f4 f5 16. exf6 Qxf6 17. Bg5 Qf7 18. f5 Bd7 19. f6 Bd6 20. Qh4 g6 21. Rf3 a5 22. Bf4 Be5 23. Bh6 Bd6 24. Bxg6 hxg6 25. Bg7 Qe6 26. Qh8+ Kf7 27. Qh7 Bc5+ 28. Kh1 Qe4 29. Bf8+ Ke6 30. Qh3+ Ke5 31. Qg3+ Ke6 32. Bxc5 bxc5 33. f7 Reb8 34. Re1 Ke7 35. Rxe4+ dxe4 36. Qe5+ Kf8 37. Qh8+ Ke7 38. f8=Q+ Rxf8 39. Qg7+ 1-0

[Event "SixDays Budapest GM-B January 2024"]
[Site "Budapest"]
[Date "2024.01.31"]
[Round "8.2"]
[White "Varga, Zoltan"]
[Black "Coenen, Michael"]
[Result "1-0"]
[ECO "A13"]
[WhiteElo "2366"]
[BlackElo "2330"]
[Annotator "RC"]
[PlyCount "189"]
[EventDate "2024.01.26"]
[EventType "tourn"]
[EventCountry "HUN"]
[SourceTitle "playchess.com"]
[Source "ChessBase"]
[SourceQuality "1"]
[TimeControl "5400+30"]

1. c4 e6 2. g3 Nf6 3. Bg2 d5 4. Nf3 Be7 5. d4 O-O 6. Nbd2 b6 7. cxd5 exd5 8. O-O c5 9. dxc5 bxc5 10. e4 Ba6 11. e5 Ne8 12. Re1 Nc7 13. Nb3 Nc6 14. Nh4 Qd7 15. Be3 d4 16. Rc1 Rad8 17. Bxc6 Qxc6 18. Nf5 Qd7 19. Qg4 Ne6 20. Bh6 g6 21. Nxe7+ Qxe7 22. Bxf8 Kxf8 23. Qf3 d3 24. Qe3 c4 25. Nd2 Nd4 26. Nxc4 Qb7 27. e6 Nf3+ 28. Qxf3 Qxf3 29. e7+ Ke8 30. exd8=Q+ Kxd8 31. Re3 Qd5 32. Ne5 d2 33. Rd1 Kc7 34. Rc3+ Kb7 35. Nd3 Bxd3 36. Rxd2 Qxa2 37. Rdxd3 a5 38. Kg2 a4 39. Rd2 Qe6 40. h4 Qe4+ 41. Kh2 Kb6 42. Re3 Qb4 43. Rc2 Qd4 44. Re7 Qf6 45. Re4 Qf5 46. Rce2 Qf3 47. Kg1 Kb5 48. Re5+ Kb6 49. Rd2 Qc6 50. Red5 Qc1+ 51. Kh2 Qc4 52. Rd6+ Kb7 53. Rf6 Kc7 54. Rf4 Qb3 55. Rdd4 f5 56. Rb4 Qa2 57. Rf3 Qa1 58. Kg2 Qd1 59. Rff4 Qd5+ 60. Kh2 Qa2 61. Rxa4 Qxb2 62. Ra7+ Kd6 63. Rxh7 Ke6 64. Ra7 Qb6 65. Ra3 Kf6 66. Raf3 Qb8 67. Kg2 Qh8 68. Ra4 Qe8 69. Ra6+ Kg7 70. Re3 Qd7 71. Ree6 Qd5+ 72. Kh2 Qf3 73. Ra2 Kh7 74. Re3 Qb7 75. Ra4 Kh6 76. Rf4 Qd7 77. Re5 Qd6 78. Re8 Qd7 79. Rh8+ Kg7 80. Rb8 Qa7 81. Rbb4 Qd7 82. h5 g5 83. Rfd4 Qc6 84. Rb8 Qc7 85. Rdd8 Qc5 86. Rd7+ Kf6 87. Rb2 Qc6 88. Rbd2 Qf3 89. h6 f4 90. h7 Qh5+ 91. Kg1 f3 92. R2d3 Ke6 93. Rg7 g4 94. Rxg4 Qxh7 95. Rxf3 1-0

[Event "SixDays Budapest GM-B January 2024"]
[Site "Budapest"]
[Date "2024.01.31"]
[Round "8.3"]
[White "Celik, Hasan Huseyin"]
[Black "Gombocz, Ferenc Jr."]
[Result "1/2-1/2"]
[ECO "D12"]
[WhiteElo "2436"]
[BlackElo "2366"]
[Annotator "RC"]
[PlyCount "159"]
[EventDate "2024.01.26"]
[EventType "tourn"]
[EventCountry "HUN"]
[SourceTitle "playchess.com"]
[Source "ChessBase"]
[SourceQuality "1"]
[TimeControl "5400+30"]

1. d4 d5 2. c4 c6 3. Nf3 Nf6 4. e3 Bf5 5. cxd5 cxd5 6. Qb3 Qc8 7. Bd2 Nc6 8. Bb5 Bd7 9. O-O e6 10. Rc1 Bd6 11. Bxc6 Bxc6 12. Bb4 Qc7 13. Nbd2 Bxb4 14. Qxb4 Qe7 15. Qb3 Nd7 16. Rc3 O-O 17. Rac1 f6 18. h3 Nb6 19. Qa3 Qxa3 20. Rxa3 Rfc8 21. Rac3 Bd7 22. b3 Rxc3 23. Rxc3 Rc8 24. Nb1 Rxc3 25. Nxc3 Nc8 26. Ne1 Nd6 27. Nd3 b6 28. g4 Nb5 29. Nxb5 Bxb5 30. Nc1 Kf7 31. f4 a5 32. a3 e5 33. Na2 g5 34. Nc3 Bc6 35. Kf2 e4 36. b4 axb4 37. axb4 b5 38. Kg3 h6 39. Nb1 Bb7 40. Nd2 Ke7 41. Nb3 Kf7 42. Nc5 Bc8 43. Nb3 Bb7 44. Nc1 Kg7 45. Ne2 Kf7 46. h4 Bc6 47. Nc3 Kg7 48. Kh3 Kf7 49. Nd1 Bb7 50. Kg2 Kg7 51. Nf2 Kg6 52. Kg3 Bc6 53. Nh3 Bb7 54. Ng1 Bc6 55. Ne2 Bb7 56. Kh3 Bc6 57. Ng3 Bd7 58. Nf1 Bc6 59. Kg3 Bb7 60. Nd2 Kg7 61. Nb3 Kf7 62. Na5 Ba8 63. Nb3 Bb7 64. Nd2 Kg7 65. Nb1 Bc6 66. Na3 Kf7 67. Nc2 Kg7 68. Na1 Bb7 69. Nb3 Kf7 70. Nc1 Kg7 71. Kg2 Kf7 72. Kh3 Kg6 73. Kg3 Kf7 74. Kh2 Kg6 75. Kh3 Kg7 76. Ne2 Kg6 77. Kg2 Bc6 78. Ng3 Bd7 79. Kh3 Bc8 80. f5+ 1/2-1/2

[Event "SixDays Budapest GM-B January 2024"]
[Site "Budapest"]
[Date "2024.01.31"]
[Round "8.4"]
[White "Pang, Tao"]
[Black "Kaczur, Florian"]
[Result "1/2-1/2"]
[ECO "D14"]
[WhiteElo "2430"]
[BlackElo "2506"]
[Annotator "TA"]
[PlyCount "26"]
[EventDate "2024.01.26"]
[EventType "tourn"]
[EventCountry "HUN"]
[SourceTitle "playchess.com"]
[Source "ChessBase"]
[SourceQuality "1"]
[TimeControl "5400+30"]

1. d4 c6 2. c4 Nf6 3. Nf3 d5 4. cxd5 cxd5 5. Nc3 Nc6 6. Bf4 Nh5 7. Bd2 Nf6 8. Bf4 Bf5 9. e3 e6 10. Bd3 Bxd3 11. Qxd3 Bd6 {[%emt 0:00:08] The position is equal.} 12. Bxd6 Qxd6 13. O-O O-O {[%emt 0:00:05] A rather calm draw.   OK:         	White=1     	Black=1} 1/2-1/2

[Event "SixDays Budapest GM-B January 2024"]
[Site "Budapest"]
[Date "2024.01.31"]
[Round "8.5"]
[White "Dau Khuong Duy"]
[Black "Pap, Misa"]
[Result "1/2-1/2"]
[ECO "C60"]
[WhiteElo "2309"]
[BlackElo "2422"]
[Annotator "RC"]
[PlyCount "157"]
[EventDate "2024.01.26"]
[EventType "tourn"]
[EventCountry "HUN"]
[SourceTitle "playchess.com"]
[Source "ChessBase"]
[SourceQuality "1"]
[TimeControl "5400+30"]

1. e4 e5 2. Nf3 Nc6 3. Bb5 Nge7 4. O-O g6 5. d4 exd4 6. Nxd4 Bg7 7. Be3 a6 8. Bxc6 dxc6 9. Nc3 O-O 10. Nde2 b6 11. Qc1 f5 12. f3 fxe4 13. fxe4 Be6 14. Rd1 Qe8 15. Bd4 c5 16. Bxg7 Kxg7 17. Qg5 Nc6 18. Nf4 Bg8 19. Rf1 Qe5 20. Qxe5+ Nxe5 21. Nfd5 Rfc8 22. Ne7 Rd8 23. Nxg8 Rxg8 24. Nd5 Rgc8 25. Rad1 b5 26. b3 c4 27. h3 cxb3 28. cxb3 Ra7 29. Nf4 Re8 30. Rd5 c6 31. Rd6 Rae7 32. Rc1 a5 33. Rc2 Kh6 34. Nd3 Nf7 35. Rdxc6 Rxe4 36. R6c5 Nd6 37. Nf2 Re1+ 38. Kh2 R8e7 39. Ng4+ Kg7 40. Rc7 h5 41. Rxe7+ Rxe7 42. Nf2 b4 43. g4 h4 44. Kg2 Re3 45. Kf1 Kf6 46. Rc5 Re5 47. Rc6 Ke6 48. Ra6 Kd7 49. Nd3 Re3 50. Nf2 Re5 51. Nd3 Rb5 52. Ke2 g5 53. Ke3 Rd5 54. Ra8 Kc6 55. Nf2 Kb7 56. Rg8 Kb6 57. Rg6 Kc7 58. Ne4 Nxe4 59. Kxe4 Rd2 60. Rxg5 Rxa2 61. Kd3 Kb6 62. Rg6+ Kc5 63. Rg5+ Kd6 64. Rh5 Rg2 65. Kc4 Rg3 66. Rxa5 Rxh3 67. Rh5 Rf3 68. Rxh4 Rf4+ 69. Kb5 Kd5 70. Rh5+ Kd6 71. Rg5 Ke6 72. Rg6+ Kf7 73. Rc6 Rxg4 74. Rc4 Rg8 75. Kxb4 Ke6 76. Rc5 Kd6 77. Kc4 Kd7 78. b4 Rc8 79. Rxc8 1/2-1/2

[Event "SixDays Budapest GM-B January 2024"]
[Site "Budapest"]
[Date "2024.02.01"]
[Round "9.1"]
[White "Pap, Misa"]
[Black "Grover, Sahaj"]
[Result "1/2-1/2"]
[ECO "C01"]
[WhiteElo "2422"]
[BlackElo "2503"]
[Annotator "ChessBase"]
[PlyCount "21"]
[EventDate "2024.01.26"]
[EventType "tourn"]
[EventCountry "HUN"]
[SourceTitle "playchess.com"]
[Source "ChessBase"]
[SourceQuality "1"]
[TimeControl "5400+30"]

1. e4 e6 2. d4 d5 3. exd5 exd5 4. Nf3 Bd6 5. Bd3 Ne7 6. O-O O-O 7. c3 Bf5 8. Bxf5 Nxf5 9. Re1 c6 10. Nbd2 Nd7 11. Nf1 1/2-1/2

[Event "SixDays Budapest GM-B January 2024"]
[Site "Budapest"]
[Date "2024.02.01"]
[Round "9.2"]
[White "Kaczur, Florian"]
[Black "Dau Khuong Duy"]
[Result "1-0"]
[ECO "A48"]
[WhiteElo "2506"]
[BlackElo "2309"]
[Annotator "ChessBase"]
[PlyCount "73"]
[EventDate "2024.01.26"]
[EventType "tourn"]
[EventCountry "HUN"]
[SourceTitle "playchess.com"]
[Source "ChessBase"]
[SourceQuality "1"]
[TimeControl "5400+30"]

1. d4 Nf6 2. Nf3 g6 3. Bf4 Bg7 4. Nc3 O-O 5. e4 d6 6. Qd2 Bg4 7. O-O-O Nc6 8. Qe3 Nd7 9. Bh6 e6 10. h4 Bxh6 11. Qxh6 Qf6 12. Qe3 Nb6 13. e5 Qg7 14. Re1 Nd5 15. Nxd5 exd5 16. Nh2 Bd7 17. h5 dxe5 18. dxe5 Rae8 19. Nf3 f6 20. hxg6 hxg6 21. Qd2 Qf7 22. Bb5 Bg4 23. Nd4 Rxe5 24. Bxc6 bxc6 25. Nxc6 Re6 26. Rxe6 Bxe6 27. Qb4 Re8 28. Re1 Qd7 29. Nxa7 Bf7 30. Rxe8+ Qxe8 31. b3 Kg7 32. Qd4 Qe2 33. Kb2 g5 34. Qe3 Qd1 35. Nb5 Bg6 36. Qc5 c6 37. Nd4 1-0

[Event "SixDays Budapest GM-B January 2024"]
[Site "Budapest"]
[Date "2024.02.01"]
[Round "9.4"]
[White "Coenen, Michael"]
[Black "Celik, Hasan Huseyin"]
[Result "1/2-1/2"]
[ECO "B47"]
[WhiteElo "2330"]
[BlackElo "2436"]
[Annotator "ChessBase"]
[PlyCount "66"]
[EventDate "2024.01.26"]
[EventType "tourn"]
[EventCountry "HUN"]
[SourceTitle "playchess.com"]
[Source "ChessBase"]
[SourceQuality "1"]
[TimeControl "5400+30"]

1. e4 c5 2. Nf3 e6 3. d4 cxd4 4. Nxd4 Nc6 5. Nc3 Qc7 6. g3 a6 7. Bg2 Nf6 8. O-O Nxd4 9. Qxd4 Bc5 10. Qd3 Ng4 11. Bf4 Ne5 12. Bxe5 Qxe5 13. Rad1 h5 14. Kh1 h4 15. f4 hxg3 16. Qxg3 Qh5 17. Nd5 Kf8 18. h3 d6 19. Nc7 Rb8 20. f5 exf5 21. Rxd6 Bxd6 22. Qxd6+ Kg8 23. Nd5 Ra8 24. exf5 Kh7 25. Ne7 Re8 26. Rf4 Qg5 27. f6 gxf6 28. Nd5 Re1+ 29. Kh2 Qe5 30. Nxf6+ Kg7 31. Ne8+ Qxe8 32. Qf6+ Kg8 33. Qg5+ Kf8 1/2-1/2